 Dungeon Crawl Stone Soup version 0.25-a0-583-g696c2ac64d (webtiles) character file.

Game seed: 7005419747827168154, levelgen mode: deterministic

92 Esekla the Charlatan (level 4, -8/21 HPs)
             Began as a Spriggan Artificer on Mar 8, 2020.
             Killed by nerve-wracking pain
             ... invoked by an orc priest
              (12 damage)
             ... on level 3 of the Dungeon.
             The game lasted 00:12:14 (3462 turns).

Esekla the Charlatan (Spriggan Artificer)           Turns: 3462, Time: 00:12:14

Health: -8/21      AC:  2    Str:  8    XL:     4   Next: 35%
Magic:  8/8        EV: 20    Int: 13    God:
Gold:   115        SH:  0    Dex: 16    Spells: 3/3 levels left

rFire    . . .     SeeInvis +   a - +0 short sword
rCold    . . .     Gourm    .   (shield restricted)
rNeg     . . .     Faith    .   b - +0 robe
rPois    .         Spirit   .   (helmet restricted)
rElec    .         Reflect  .   (no cloak)
rCorr    .         Harm     .   (gloves unavailable)
MR       .....                  (boots unavailable)
Stlth    ++........             (no amulet)
HPRegen  0.07/turn              (no ring)
MPRegen  0.11/turn              (no ring)

@: very quick
A: very small, unfitting armour, see invisible, herbivore, speed 3, slow
metabolism 2
a: no special abilities


You were on level 3 of the Dungeon.
You were not hungry.

You visited 1 branch of the dungeon, and saw 3 of its levels.

You collected 115 gold pieces.

Inventory:

Hand Weapons
 a - a +0 short sword (weapon)
Armour
 b - a +0 robe (worn)
 g - a +0 leather armour
 o - a +0 leather armour
Wands
 c - a wand of flame (15)
 d - a wand of enslavement (15)
 e - a wand of random effects (15)
Scrolls
 h - a scroll of teleportation {unknown}
 i - a scroll of random uselessness {unknown}
 l - a scroll of enchant armour {unknown}
Potions
 j - a potion of cancellation
 k - a potion of magic {unknown}
 m - a potion of heal wounds {unknown}
 n - 2 potions of haste
Comestibles
 f - a ration


   Skills:
 - Level 0.7 Fighting
 * Level 3.0 Short Blades
 * Level 4.5 Dodging
 + Level 3.0 Stealth
 - Level 4.5 Evocations


You had 3 spell levels left.
You didn't know any spells.
Your spell library was empty.

Dungeon Overview and Level Annotations

Branches:
Dungeon (3/15)

Altars:


Innate Abilities, Weirdness & Mutations

You are very small and have problems with some larger weapons.
You are too small for most types of armour.
You have supernaturally acute eyesight. (SInv)
You are a herbivore.
You cover ground extremely quickly.
You need to consume almost no food.


Message History

You hit the orc priest but do no damage.
The orc priest is severely wounded.
You hit the orc priest.
The orc priest is almost dead.
The orc priest looks satisfied for a moment.
You hit the orc priest but do no damage.
The orc priest is almost dead.
The orc priest completely misses you.
You barely miss the orc priest.
The orc priest is almost dead.
The orc priest misses you.
You hit the orc priest.
The orc priest is almost dead.
The orc priest hits you but does no damage.
You barely miss the orc priest.
The orc priest is almost dead.
The orc priest mumbles some strange prayers to Beogh against you.
Pain shoots through your body!
Ouch! That really hurt!
You die...

##+## .....#.##.#.#
#.# ##.####.##.#.#
#.# #.# #......#
##.## #(# ###
##...## #.# #.....#
#.# ##...## #g# #
##.############o#
####.##.........@.#
.)......###########
####.#### #.# #.#
#.# #.# #.# ..# ###


You could see an orc priest and a goblin.

Vanquished Creatures
  3 adders (D:2)
  3 dart slugs
  3 orcs
  3 giant cockroaches
  6 hobgoblins
  4 jackals (D:2)
  A quokka (D:2)
  A ball python (D:1)
  10 bats
  6 frilled lizards
  9 goblins
  4 kobolds
  3 rats
56 creatures vanquished.

Notes
Turn   | Place    | Note
-------+----------+-------------------------------------------
     0 | D:1      | Esekla the Spriggan Artificer began the quest for the Orb.
     0 | D:1      | Reached XP level 1. HP: 9/9 MP: 4/4
   176 | D:1      | Reached XP level 2. HP: 14/14 MP: 6/6
   840 | D:2      | Reached XP level 3. HP: 12/17 MP: 7/7
  2214 | D:2      | Reached XP level 4. HP: 21/21 MP: 8/8
  2386 | D:3      | Noticed a phantom
  3462 | D:3      | Killed from afar by an orc priest

Levels and vault maps discovered:
D:1:      eino_arrival_cavern_e, layout_loops_ring
D:2:      layout_loops_ring
D:3:      layout_loops_corners, uniq_ijyb, uniq_crazy_yiuf_cottage

Skill      XL: |  1  2  3  4 |
---------------+-------------+-----
Stealth        | 2 3 |  3.0
Short Blades   | 2 3 |  3.0
Dodging        | 4 |  4.5
Fighting       | |  0.7
Evocations     | |  4.5

Action                   |  1- 3 |  4- 6 || total
-------------------------+-------+-------++-------
Melee: Short sword       |   170 |    71 ||   241
  Use: Scroll            |     3 |     1 ||     4
 Stab: Sleeping          |     9 |     1 ||    10
  Eat: Ration            |       |     1 ||     1
Armor: Robe              |    22 |     6 ||    28
Dodge: Dodged            |   138 |    58 ||   196

Table legend:
 A = Non-vault XP
 B = Vault XP
 C = Vault XP percentage of total XP
 D = Non-vault monster count
 E = Vault monster count
 F = Vault count percentage of total count
                 A         B        C        D         E       F
            +---------+---------+-------+---------+---------+-------
      Total |     132 |       0 |   0.0 |      56 |       0 |   0.0
            +---------+---------+-------+---------+---------+-------
        D:1 |      32 |       0 |   0.0 |      20 |       0 |   0.0
        D:2 |      85 |       0 |   0.0 |      27 |       0 |   0.0
        D:3 |      15 |       0 |   0.0 |       9 |       0 |   0.0
            +---------+---------+-------+---------+---------+-------
